 Dungeon Crawl Stone Soup version 0.30-a0-782-ge64f9170bb (webtiles) character file.

Game seed: 11718280049416374992

210 HoaS the Shooter (level 5, -4/30 HPs)
             Began as a Gargoyle Hunter on Mar 8, 2023.
             Killed by divine providence
             ... invoked by an orc priest
              (13 damage)
             ... on level 4 of the Dungeon.
             The game lasted 00:05:12 (2400 turns).

HoaS the Shooter (Gargoyle Hunter)                  Turns: 2400, Time: 00:05:13

Health: -4/30      AC:  9    Str: 14    XL:     5   Next: 88%
Magic:  5/5        EV: 11    Int: 10    God:
Gold:   200        SH:  0    Dex: 15    Spells: 4/4 levels left

rFire   . . .      SeeInvis .    a - +0 shortbow
rCold   . . .      Faith    .    (shield currently unavailable)
rNeg    + . .      Spirit   .    c - +1 leather armour
rPois   ∞          Reflect  .    (no helmet)
rElec   +          Harm     .    g - scarf {repulsion}
rCorr   .          Rampage  .    (no gloves)
Will    .....                    h - +0 pair of boots
Stlth   ++                       (no amulet)
HPRegen 0.25/turn                (no ring)
MPRegen 0.09/turn                (no ring)

@: hasted, repel missiles, very quick
A: sickness immunity, AC +4, negative energy resistance 1, electricity
resistance, torment resistance 1, petrification resistance
a: no special abilities


You were on level 4 of the Dungeon.
You visited 1 branch of the dungeon, and saw 4 of its levels.

You collected 200 gold pieces.

Inventory:

Hand Weapons
 a - a +0 shortbow (weapon)
Armour
 c - a +1 leather armour (worn)
 g - a scarf of repulsion (worn)
 h - a +0 pair of boots (worn)
Scrolls
 b - a scroll of immolation
Potions
 i - a potion of cancellation {unknown}
 j - a potion of attraction {unknown}


   Skills:
 - Level 2.1 Fighting
 + Level 6.9 Ranged Weapons
 - Level 1.5 Dodging
 - Level 1.1 Stealth


You had 4 spell levels left.
You didn't know any spells.
Your spell library contained the following spells:

 Spells                   Type           Power      Damage    Failure   Level
 Summon Small Mammal      Summ           0%         N/A       43%         1
 Call Canine Familiar     Summ           0%         N/A       82%         3
 Portal Projectile        Hex/Tloc       0%         N/A       82%         3
 Summon Guardian Golem    Hex/Summ       0%         N/A       82%         3
 Tukima's Dance           Hex            0%         N/A       82%         3
 Leda's Liquefaction      Hex/Erth       0%         N/A       99%         4
 Blade Hands              Tmut           0%         N/A       100%        5
 Lee's Rapid Deconstruct  Erth           0%         3d4*      100%        5
 Statue Form              Tmut/Erth      Unusable   N/A       N/A         6

Dungeon Overview and Level Annotations

Branches:
Dungeon (4/15)
 Temple: D:4-7

Altars:
Ru
The Shining One


Innate Abilities, Weirdness & Mutations

You are immune to sickness and miasma.
Your stone body is resilient. (AC +4)
You are immune to poison.
You resist negative energy. (rN+)
You are resistant to electric shocks. (rElec)
You are resistant to unholy torment.
You are immune to petrification.


Message History

An orc wizard comes into view. It is wielding a +0 dagger.
You shoot an arrow.
The arrow completely misses the orc priest.
The orc wizard shouts!
The orc wizard casts a spell.
The orc wizard flickers and vanishes!
Deactivating autopickup; reactivate with Ctrl-A.
You hear a shout!
You shoot an arrow. The orc priest shouts!
The arrow hits the orc priest.
The orc priest is lightly wounded.
The orc priest hits you but does no damage.
You shoot an arrow.
The arrow closely misses the orc priest.
The arrow hits the orc priest!
The orc priest is severely wounded.
The orc priest barely misses you.
You shoot an arrow. The arrow hits the orc priest.
The orc priest is moderately wounded.
The orc priest hits you but does no damage.
The orc priest closely misses you.
You shoot an arrow. The arrow hits the orc priest.
The orc priest is moderately wounded.
The orc priest calls upon Beogh to heal the orc priest.
The orc priest is healed somewhat.
The orc priest looks satisfied for a moment.
The orc priest hits you with a +0 mace.
You feel yourself speed up.
The orc priest hits you from afar with a +0 trident!
You shoot an arrow. The arrow barely misses the orc priest.
The arrow hits the orc priest.
The orc priest is almost dead.
You shoot an arrow. The arrow hits the orc priest.
The orc priest is moderately wounded.
The orc priest mumbles some strange prayers to Beogh against you.
Beogh smites you!
The orc priest mumbles some strange prayers to Beogh against you.
Beogh smites you!
You die...

............#....K.o.
#
..............#......
## #.........)..##
..... .##
##.........## .o..
..## ###..o...## ..o
#..#### ###)..## ..
##....###### ##oo###
.
#.........######o###
#............#.@##
#............!.###
#................##
#.................##
##.................#
#.................#
##<.............###
##...........###
##.....>..###


You could see 3 orc priests and an orc wizard.

Vanquished Creatures
  An orc priest (D:4)
  An orc wizard (D:3)
  5 adders
  An ufetubus (D:4)
  4 dart slugs
  8 orcs
  9 ball pythons
  7 endoplasms
  4 giant cockroaches
  6 goblins
  5 hobgoblins
  9 jackals
  6 kobolds
  2 quokkas
  6 bats
  A frilled lizard (D:1)
  9 rats
84 creatures vanquished.

Vanquished Creatures (others)
  A plant (D:1)
1 creature vanquished.

Grand Total: 85 creatures vanquished

Notes
Turn   | Place    | Note
-------+----------+-------------------------------------------
     0 | D:1      | HoaS the Gargoyle Hunter began the quest for the Orb.
     0 | D:1      | Reached XP level 1. HP: 12/12 MP: 1/1
    93 | D:1      | Reached XP level 2. HP: 17/17 MP: 2/2
   260 | D:1      | Found a faded altar of an unknown god.
   294 | D:1      | Reached XP level 3. HP: 21/21 MP: 3/3
   308 | D:1      | Reached skill level 5 in Ranged Weapons
   864 | D:2      | Reached XP level 4. HP: 26/26 MP: 4/4
  1494 | D:2      | Reached skill level 6 in Ranged Weapons
  1519 | D:3      | Reached XP level 5. HP: 21/30 MP: 5/5
  1885 | D:3      | Found a glowing golden altar of the Shining One.
  2161 | D:3      | Found a sacrificial altar of Ru.
  2400 | D:4      | Killed from afar by an orc priest

Illustrated notes

Levels and vault maps discovered:
D:1:      minmay_arrival_plants_in_alcoves, layout_basic,
          dreamdust_ecumenical_altar_grove, serial_glass, glass_columns_a,
          glass_columns_c
D:2:      layout_basic
D:3:      wad_pebble_path, layout_basic, lemuel_doored_altar,
          nicolae_overflow_crystal_walls, st_stairs_8
D:4:      layout_cave_pods, ebering_ghost_sewer_d

Skill      XL: |  1  2  3  4 |
---------------+-------------+-----
Ranged Weapons | 5 6 |  6.9
Fighting       | |  2.1
Dodging        | |  1.5
Stealth        | |  1.1

Action                     |  1- 3 |  4- 6 || total
---------------------------+-------+-------++-------
   Fire: Shortbow          |   107 |   157 ||   264
    Use: Scroll            |     3 |     6 ||     9
         Potion            |       |     1 ||     1
 Armour: Leather armour    |    25 |    31 ||    56
  Dodge: Dodged            |    46 |    49 ||    95

Table legend: (Time is in decaauts)
 A = Elapsed time spent in this place.
 B = Non-inter-level travel time spent in this place.
 C = Inter-level travel time spent in this place.
 D = Time resting spent in this place.
 E = Time spent auto-exploring this place.
 F = Levels seen in this place.
 G = Mean time per level.
                   A        B        C        D        E       F      G
               +--------+--------+--------+--------+--------+-----+--------+
         Total |   2470 |   2420 |     50 |    321 |   1553 |   4 |  617.5 |
       Dungeon |   2470 |   2420 |     50 |    321 |   1553 |   4 |  617.5 |
               +--------+--------+--------+--------+--------+-----+--------+

Top non-repeatable levels by time:
     D:2: 841 daAuts
     D:1: 726 daAuts
     D:3: 688 daAuts
     D:4: 214 daAuts
